 Dungeon Crawl Stone Soup version 0.30-a0-793-g160f7cfddd (webtiles) character file.

Game seed: 2393833455594085576

13 Monkooky the Sneak (level 2, -1/24 HPs)
             Began as a Human Delver on Feb 19, 2023.
             Was an Initiate of Yredelemnul.
             Slain by a river rat (7 damage)
             ... on level 3 of the Dungeon.
             The game lasted 00:03:03 (568 turns).

Monkooky the Sneak (Human Delver)                    Turns: 568, Time: 00:03:03

Health: -1/24      AC:  3    Str: 12    XL:     2   Next: 50%
Magic:  2/2        EV: 12    Int: 10    God:    Yredelemnul [......]
Gold:   0          SH:  0    Dex: 14    Spells: 1/1 levels left

rFire   . . .      SeeInvis .    a - +0 short sword
rCold   . . .      Faith    .    (no shield)
rNeg    . . .      Spirit   .    b - +0 leather armour
rPois   .          Reflect  .    (no helmet)
rElec   .          Harm     .    (no cloak)
rCorr   .          Rampage  .    (no gloves)
Will    .....                    (no boots)
Stlth   +++                      (no amulet)
HPRegen 0.24/turn                (no ring)
MPRegen 0.08/turn                (no ring)

@: no status effects
A: no striking features
a: Renounce Religion, Recall Undead Harvest


You were on level 3 of the Dungeon.
You worshipped Yredelemnul.
Yredelemnul was noncommittal.
You visited 2 branches of the dungeon, and saw 4 of its levels.

Inventory:

Hand Weapons
 a - a +0 short sword (weapon)
Armour
 b - a +0 leather armour (worn)
 d - a +0 ring mail
Wands
 g - a wand of digging (3)
Scrolls
 c - a scroll of fog
Potions
 e - a potion of mutation {unknown}


   Skills:
 + Level 3.2 Fighting
 + Level 2.2 Short Blades
 + Level 2.2 Dodging
 + Level 5.1 Stealth


You had one spell level left.
You didn't know any spells.
Your spell library contained the following spells:

 Spells                   Type           Power      Damage    Failure   Level
 Lesser Beckoning         Tloc           0%         N/A       58%         2
 Gell's Gravitas          Tloc           0%         N/A       82%         3
 Teleport Other           Tloc           0%         N/A       82%         3


Dungeon Overview and Level Annotations

Branches:
Dungeon (5/15)             Temple (1/1) D:4

Altars:
Cheibriados
Elyvilon
Gozag
Hepliaklqana
Makhleb
Nemelex Xobeh
Sif Muna
Uskayaw
Wu Jian
Xom
Yredelemnul


Message History

The adder bites you but does no damage. The adder bites you.
The adder misses you. The adder bites you but does no damage.
The adder misses you. The adder bites you.
You hit the adder.
The adder is heavily wounded.
The adder closely misses you.
You barely miss the adder.
The adder is heavily wounded.
The adder bites you.
You are poisoned.
The adder poisons you! The adder closely misses you.
You hit the adder.
The adder is heavily wounded.
You feel sick. The adder bites you but does no damage.
You miss the adder.
The adder is heavily wounded.
You feel sick. The adder bites you.
You barely miss the adder.
The adder is heavily wounded.
You feel sick. The adder closely misses you.
You hit the adder.
The adder is almost dead.
You feel sick. The adder barely misses you.
You miss the adder.
The adder is almost dead.
You feel sick.
You are no longer poisoned.
The adder bites you.
You hit the adder.
You kill the adder!
You have reached level 2!
You hit the river rat but do no damage. The river rat closely misses you.
You hit the river rat but do no damage. The river rat bites you.
* * * LOW HITPOINT WARNING * * *
You hit the river rat.
The river rat is moderately wounded.
The river rat bites you!
You die...
Your body rises from the dead as a mindless zombie.

~~~ #~# #~# .# #~##.#
##~##.# #~~~#.# #~~~#.#
### ## ##r##.# .. ...
#@#..# # #.# #....# #
#.#.#### ####.# # #.#.....
#.# # #.##.#.# #.#
####.##.#.#########.####.#
.....##.#................#
##...#...#########.#####.#
##.#...............#


You could see a river rat.

Vanquished Creatures
  An adder (D:3)
  An orc (D:4)
  A quokka (D:4)
3 creatures vanquished.

Notes
Turn   | Place    | Note
-------+----------+-------------------------------------------
     0 | D:5      | Monkooky the Human Delver began the quest for the Orb.
     0 | D:5      | Reached XP level 1. HP: 18/18 MP: 1/1
    55 | D:5      | Noticed an ice beast
   180 | D:4      | Found a staircase to the Ecumenical Temple.
   190 | Temple   | Entered the Ecumenical Temple
   367 | Temple   | Became a worshipper of Yredelemnul the Dark
   435 | D:4      | Noticed a scorpion
   436 | D:4      | Noticed a gnoll bouda
   566 | D:3      | Reached XP level 2. HP: 10/24 MP: 2/2
   568 | D:3      | Slain by a river rat

Illustrated notes

Levels and vault maps discovered:
D:3:      layout_loops_ring, gup_sewer_entry_bubbles, ebering_ghost_gozag,
          minmay_misc_feat_room, kennysheep_generic_room_2
D:4:      layout_rooms, mainiacjoe_overflow_six_doors_small,
          grunt_dithmenos_smoke, nicolae_qazlal_scattered_showers,
          minmay_temple_entry_purple_smoke, hangedman_glass_teeth
D:5:      layout_basic, mainiacjoe_overflow_surrounded_room,
          mainiacjoe_overflow_paths, hangedman_minor_gate_pass
Temple:   hellmonk_temple_of_storms

Action                     || total
---------------------------++-------
  Melee: Short sword       ||    55
    Use: Scroll            ||     2
         Potion            ||     1
   Stab: Sleeping          ||     1
 Armour: Leather armour    ||     9
  Dodge: Dodged            ||    28

Table legend: (Time is in decaauts)
 A = Elapsed time spent in this place.
 B = Non-inter-level travel time spent in this place.
 C = Inter-level travel time spent in this place.
 D = Time resting spent in this place.
 E = Time spent auto-exploring this place.
 F = Levels seen in this place.
 G = Mean time per level.
                   A        B        C        D        E       F      G
               +--------+--------+--------+--------+--------+-----+--------+
         Total |    548 |    533 |     15 |    159 |      0 |   4 |  137.0 |
       Dungeon |    359 |    344 |     15 |     16 |      0 |   3 |  119.7 |
        Temple |    188 |    188 |      0 |    143 |      0 |   1 |  188.0 |
               +--------+--------+--------+--------+--------+-----+--------+

Top non-repeatable levels by time:
  Temple: 188 daAuts
     D:5: 124 daAuts
     D:3: 123 daAuts
     D:4: 111 daAuts
